 Dungeon Crawl Stone Soup version 0.24.0-1-gfbc8707122 (webtiles) character file.

Game seed: 3430332227615167693, levelgen mode: deterministic

2524 Emblim88 the Archer (level 9, 0/79 HPs)
             Began as a Centaur Hunter on Oct 27, 2019.
             Was an Initiate of Fedhas.
             Slain by a wight
             ... wielding a +0 halberd
              (6 damage)
             ... on level 8 of the Dungeon.
             The game lasted 00:14:40 (7746 turns).

Emblim88 the Archer (Centaur Hunter)                Turns: 7746, Time: 00:14:41

Health: 0/79       AC: 11    Str: 15    XL:     9   Next: 29%
Magic:  22/22      EV:  4    Int: 10    God:    Fedhas [......]
Gold:   68         SH:  0    Dex: 13    Spells: 8/8 levels left

rFire    + . .     SeeInvis .   d - +4 falchion
rCold    . . .     Gourm    +   (no shield)
rNeg     . . .     Faith    .   J - +2 chain mail of Cotzonij {rElec}
rPois    .         Spirit   .   (no helmet)
rElec    +         Reflect  .   x - +1 cloak
rCorr    .         Harm     .   (no gloves)
MR       .....                  (no barding)
Stlth    ..........             B - amulet of the gourmand
HPRegen  0.23/turn              v - ring of protection from fire
MPRegen  0.18/turn              E - ring of magical power

@: studying Hexes, drained, very quick
A: large, hooves 3, deformed body, speed 2, tough skin 3
a: Renounce Religion


You were on level 8 of the Dungeon.
You worshipped Fedhas.
Fedhas was noncommittal.
You were not hungry.

You visited 2 branches of the dungeon, and saw 9 of its levels.

You collected 353 gold pieces.
You spent 285 gold pieces at shops.

Inventory:

Hand Weapons
 a - a +1 shortbow
 d - a +4 falchion (weapon)
Missiles
 l - 25 sling bullets
 m - 201 stones (quivered)
 p - 3 arrows
Armour
 x - a +1 cloak (worn)
 J - the +2 chain mail of Cotzonij (worn) {rElec}
   (You bought it in a shop on level 7 of the Dungeon)

   It insulates you from electricity.
Jewellery
 c - an uncursed ring of ice
 n - an uncursed ring of wizardry
 v - a ring of protection from fire (left hand)
 w - an uncursed ring of protection from cold
 B - an amulet of the gourmand (around neck)
 E - a ring of magical power (right hand)
Wands
 t - a wand of disintegration (3)
 G - a wand of acid (13)
 L - a wand of flame (30)
Scrolls
 b - a scroll of magic mapping {unknown}
 h - 3 scrolls of enchant armour
 j - a scroll of blinking
 k - 5 scrolls of remove curse
 o - a scroll of immolation
 q - 3 scrolls of fear
 s - a scroll of teleportation
 u - a scroll of enchant weapon
 y - 2 scrolls of noise
 H - a scroll of brand weapon {unknown}
 K - a scroll of identify
 M - a scroll of amnesia {unknown}
Potions
 e - 2 potions of degeneration
 i - 2 potions of agility
 r - 2 potions of flight
 z - a potion of ambrosia
 A - a potion of lignification
 C - a potion of berserk rage
 D - a potion of brilliance
 F - a potion of haste
Books
 I - a manual of Hexes
Comestibles
 f - 4 rations


   Skills:
 + Level 7.6(6.7) Fighting
 + Level 10.8(9.9) Bows
 - Level 1.3(0.6) Dodging
 - Level 0.4(0.0) Stealth
 * Level 3.6(2.8) Invocations
 + Level 5.5(4.7) Evocations


You had 8 spell levels left.
You didn't know any spells.
Your spell library was empty.

Dungeon Overview and Level Annotations

Branches:
Dungeon (8/15)             Temple (1/1) D:7
   Lair: D:8-11

Altars:
Ashenzari
Cheibriados
Dithmenos
Elyvilon
Fedhas
Gozag
Hepliaklqana
Kikubaaqudgha
Makhleb
Nemelex Xobeh
Okawaru
Qazlal
Ru
Sif Muna
Trog
Uskayaw
Vehumet
Wu Jian
Xom
Yredelemnul
Zin

Shops:
D:4 :   D:7 *?=*

Annotations:
D:7 3 runed translucent doors, kmx's ghost, novice GnWz; mora's ghost, novice GrFi


Innate Abilities, Weirdness & Mutations

You have hooves in place of feet.
Armour fits poorly on your strangely shaped body.
You cover ground very quickly.
You have extremely tough skin. (AC +3)


Message History

You hit the wight but do no damage. You kick the wight, but do no damage.
The wight is severely damaged.
The wight hits you with a +0 halberd!
* * * LOW HITPOINT WARNING * * *
You feel drained.
* * * LOW HITPOINT WARNING * * *
You hit the wight but do no damage.
The wight is severely damaged.
The wight hits you with a +0 halberd.
* * * LOW HITPOINT WARNING * * *
You completely miss the wight. Your kick misses the wight.
The wight is severely damaged.
The wight hits you but does no damage. The wight hits you with a +0 halberd!
* * * LOW HITPOINT WARNING * * *
Your chain mail of Cotzonij prevents you from hitting the wight.
You kick the wight, but do no damage.
The wight is severely damaged.
The wight hits you with a +0 halberd.
You die...
Fedhas appreciates your contribution to the ecosystem.

########.### #..
#.# #.. #.# ##..
#.# ... #.# ####[.
#.# ..... #.#
#..#############.#
#..((.((.@zzz....#
#.################
#


You could see 3 wights.

Vanquished Creatures
  Prince Ribbit (D:5)
  A hippogriff (D:8)
  A shadow (D:6)
  A hungry ghost (D:8)
  2 orc warriors
  An ice beast (D:8)
  2 ogres
  A centaur (D:6)
  A bullfrog (D:6)
  2 scorpions (D:6)
  3 wights (D:8)
  A howler monkey (D:6)
  2 crimson imps (D:6)
  A centaur zombie (D:6)
  A bullfrog zombie (D:6)
  A hound (D:8)
  2 jellies
  A bullfrog skeleton (D:7)
  5 orc priests
  A centaur skeleton (D:7)
  5 orc wizards
  3 iguanas
  5 worker ants
  A killer bee zombie (D:8)
  7 adders
  7 gnolls
  2 shadow imps
  2 oozes
  An adder skeleton (D:4)
  2 worms (D:2)
  A dart slug (D:1)
  2 leopard geckos
  24 orcs
  A ball python (D:3)
  4 bats
  3 giant cockroaches
  3 goblins
  3 hobgoblins
  7 jackals
  6 kobolds
  A quokka (D:6)
  5 frilled lizards
  A jackal zombie (D:6)
  2 leopard gecko skeletons (D:4)
  A quokka skeleton (D:4)
  4 rats
134 creatures vanquished.

Vanquished Creatures (others)
  A withered plant (D:7)
1 creature vanquished.

Grand Total: 135 creatures vanquished

Notes
Turn   | Place    | Note
-------+----------+-------------------------------------------
     0 | D:1      | Emblim88 the Centaur Hunter began the quest for the Orb.
     0 | D:1      | Reached XP level 1. HP: 17/17 MP: 1/1
   682 | D:2      | Reached XP level 2. HP: 25/25 MP: 2/2
  1002 | D:2      | Reached skill level 6 in Bows
  1012 | D:2      | Reached XP level 3. HP: 30/30 MP: 3/3
  1126 | D:2      | Reached XP level 4. HP: 38/38 MP: 4/4
  1695 | D:3      | Reached skill level 7 in Bows
  1695 | D:3      | Reached XP level 5. HP: 46/46 MP: 5/5
  2681 | D:4      | Reached skill level 1 in Evocations
  2714 | D:4      | Reached XP level 6. HP: 49/53 MP: 6/6
  2789 | D:4      | Found Muett's Book Emporium.
  2826 | D:4      | Reached skill level 8 in Bows
  3095 | D:5      | Entered Level 5 of the Dungeon
  3098 | D:5      | Reached skill level 5 in Fighting
  3303 | D:5      | Found a sacrificial altar of Ru.
  3311 | D:5      | Reached XP level 7. HP: 61/61 MP: 8/8
  3345 | D:5      | Noticed Prince Ribbit
  3359 | D:5      | Killed Prince Ribbit
  4362 | D:6      | Reached skill level 9 in Bows
  4774 | D:6      | Noticed a shadow
  4795 | D:6      | Reached XP level 8. HP: 70/70 MP: 10/10
  5196 | D:6      | Reached skill level 10 in Bows
  5986 | D:7      | Found Ogricothrem's Assorted Antiques.
  5992 | D:7      | Bought a smelly chain mail for 285 gold pieces
  6002 | D:7      | Identified the +2 chain mail of Cotzonij {rElec} (You
                  | bought it in a shop on level 7 of the Dungeon)
  6018 | D:7      | Found Tivvatt's Jewellery Shop.
  6037 | D:7      | Got a bloodstained robe
  6048 | D:7      | Identified the +2 robe of the End {MR+} (You found it on
                  | level 7 of the Dungeon)
  6093 | D:7      | Reached skill level 5 in Evocations
  6439 | D:7      | Found Asechocs's Magic Scroll Shop.
  6529 | D:7      | Found Karaarye's General Store.
  6533 | D:7      | Found a runed translucent gate.
  6533 | D:7      | Found a runed translucent gate.
  6534 | D:7      | Found a runed translucent gate.
  6539 | D:7      | Noticed kmx's ghost (novice GnWz)
  6539 | D:7      | Noticed mora's ghost (novice GrFi)
  6576 | D:7      | Found a staircase to the Ecumenical Temple.
  6593 | Temple   | Entered the Ecumenical Temple
  6824 | Temple   | Became a worshipper of Fedhas Madash
  7034 | D:8      | Reached skill level 1 in Invocations
  7062 | D:8      | Reached XP level 9. HP: 41/79 MP: 12/12
  7746 | D:8      | Slain by a wight

Levels and vault maps discovered:
D:1:      psy_arrival_spokes, layout_loops_ring, serial_forest,
          infiniplex_forest_zigzag_1, infiniplex_forest_diagonal,
          infiniplex_forest_fountain, infiniplex_forest_clump_diagonal
D:2:      layout_basic
D:3:      layout_loops_ring, first_ration
D:4:      layout_cave_pools, serial_shops, shop
D:5:      layout_layer_cave, basic_altar, uniq_prince_ribbit1
D:6:      layout_loops_corners, minmay_manual_mess
D:7:      layout_rooms, temple_hall, serial_shops, kennysheep_mini_moat, shop,
          nicolae_shop_stone, nicolae_shop_crystal, gammafunk_ghost_cemetery,
          grunt_decor_cap
D:8:      layout_basic
Temple:   compressed_dpeg_triangle_lava_temple

Skill      XL: |  1  2  3  4  5  6  7  8  9 |
---------------+----------------------------+-----
Bows           | 6 7 8 9 10 | 10.8
Fighting       | 3 4 5 6 7 |  7.6
Evocations     | 1 2 3 5 |  5.5
Invocations    | 2 3 |  3.6
Dodging        | |  1.3
Stealth        | |  0.4

Action                   |  1- 3 |  4- 6 |  7- 9 || total
-------------------------+-------+-------+-------++-------
Melee: Dagger            |       |    16 |    42 ||    58
       Kick              |       |     5 |    17 ||    22
       Falchion          |       |       |    10 ||    10
 Fire: Shortbow          |    57 |   193 |   226 ||   476
Throw: Stone             |       |    22 |    67 ||    89
Evoke: Wand              |       |       |    12 ||    12
  Use: Scroll            |       |    11 |     4 ||    15
       Potion            |       |     3 |     5 ||     8
  Eat: Ration            |       |     2 |     5 ||     7
       Chunk             |       |       |     2 ||     2
Armor: Leather armour    |     2 |    36 |     3 ||    41
       Ring mail         |       |       |    35 ||    35
       Chain mail        |       |       |    82 ||    82
Dodge: Dodged            |    11 |    37 |    49 ||    97
       Rpst.: Falchion   |       |       |     1 ||     1
